 Dungeon Crawl Stone Soup version 0.30-a0-415-g685d318daa (webtiles) character file.

Game seed: 11704531224785317853

4 M4edhros the Sneak (level 1, 0/16 HPs)
             Began as an Octopode Delver on Dec 8, 2022.
             Slain by Maggie
             ... wielding a +1 glaive of flaming
              (4 damage)
             ... on level 7 of the Dungeon.
             The game lasted 00:00:38 (109 turns).

M4edhros the Sneak (Octopode Delver)                 Turns: 109, Time: 00:00:40

Health: 0/16       AC:  1    Str: 11    XL:     1   Next: 60%
Magic:  1/1        EV: 13    Int: 12    God:
Gold:   15         SH:  0    Dex: 13    Spells: 0/0 levels left

rFire   . . .      SeeInvis .      - Unarmed
rCold   . . .      Faith    .    (no shield)
rNeg    . . .      Spirit   .    (helmet restricted)
rPois   .          Reflect  .    (no amulet)
rElec   .          Harm     .    (no ring)
rCorr   .          Rampage  .    (no ring)
Will    .....                    (no ring)
Stlth   ++++......               (no ring)
HPRegen 0.22/turn                (no ring)
MPRegen 0.07/turn                (no ring)
                                 (no ring)
                                 (no ring)

@: mesmerised
A: almost no armour, amphibious, 8 rings, camouflage 1, gelatinous body 1,
(nimble swimmer 1), tentacles
a: no special abilities


You were on level 7 of the Dungeon.
You visited 1 branch of the dungeon, and saw 3 of its levels.

You collected 15 gold pieces.

Inventory:

Wands
 e - a wand of digging (3)
Scrolls
 a - a scroll of fog
 b - a scroll of magic mapping
 c - a scroll of fear
Potions
 d - 2 potions of haste
 f - a potion of flight {unknown}


   Skills:
 - Level 3.0 Fighting
 * Level 2.2 Dodging
 + Level 6.6 Stealth
 + Level 2.1 Unarmed Combat


You couldn't memorise any spells.
You didn't know any spells.
Your spell library was empty.

Dungeon Overview and Level Annotations

Branches:
Dungeon (7/15)
 Temple: D:4-7

Altars:

Annotations:
D:7 Maggie


Innate Abilities, Weirdness & Mutations

You cannot wear most types of armour.
You are amphibious.
You can wear up to eight rings at the same time.
Your skin changes colour to match your surroundings (Stealth+).
Your rubbery body absorbs attacks. (AC +1, EV +1)
((You are camouflaged when in or above water. (Stealth+)))
You have tentacles for arms and can constrict up to eight enemies at once.


Message History

You tentacle-slap the orc.
You kill the orc!
Things that are here:
a +0 dagger; an orc corpse
There is a stone staircase leading down here.
You climb downwards.
Found a scale mail.
There is a stone staircase leading up here.
You hear a distant slurping noise.
You see here a +0 scale mail.
An orc comes into view. It is wielding a +0 dagger.
You open the door.
The orc shouts!
There is an open door here.
You tentacle-slap the orc. Your grab misses the orc.
The orc is heavily wounded.
You closely miss the orc. You grab the orc. You squeeze the orc.
You kill the orc!
You see here a +0 dagger.
There is an open door here.
You open the door.
Found a potion of haste.
There is an open door here.
d - 2 potions of haste (gained 1)
Found 4 gold pieces.
Maggie the Vainglorious comes into view.
She is wielding a +1 glaive of flaming.
Found a copper wand.
Maggie gestures wildly while chanting.
Maggie attempts to bespell you!
You are mesmerised by Maggie!
You cannot move away from Maggie!
Maggie barely misses you.
You barely miss Maggie. Your grab misses Maggie. Maggie barely misses you.
You tentacle-slap Maggie but do no damage.
You grab Maggie. You constrict Maggie, but do no damage.
Maggie hits you with a +1 glaive of flaming!
Ouch! That really hurt!
* * * LOW HITPOINT WARNING * * *
Maggie burns you.
You die...

#........#
#.....#..#
#..##....#
#........#
##.......#
###.#...♣#
#.#.#..♣#
#...#♣..♣♣♣♣♣♣..
###.##♣.@./.....
#.. ♣..@......
##.##♣.$......
.. ♣♣....... ..
♣♣....♣ ♣♣♣♣♣


You could see Maggie (mesmerising).

Vanquished Creatures
  2 orcs
2 creatures vanquished.

Notes
Turn   | Place    | Note
-------+----------+-------------------------------------------
     0 | D:5      | M4edhros the Octopode Delver began the quest for the Orb.
     0 | D:5      | Reached XP level 1. HP: 16/16 MP: 1/1
     3 | D:5      | Noticed a hound
   103 | D:7      | Noticed Maggie
   109 | D:7      | Slain by Maggie

Illustrated notes

Levels and vault maps discovered:
D:5:      layout_loops_ring, nicolae_uskayaw_dance_hall,
          minmay_temple_entry_tees, serial_rivers,
          chequers_serial_rivers_micro_b, chequers_serial_rivers_micro_e,
          chequers_serial_rivers_marsh, chequers_serial_rivers_micro_c,
          chequers_serial_rivers_micro_e, chequers_serial_rivers_large_a
D:6:      layout_basic, uniq_grinder
D:7:      layout_loops_corners, kennysheep_ying_yang, uniq_maggie, uniq_joseph

Action                   || total
-------------------------++-------
Melee: Unarmed           ||     6
       Constrict         ||     3
       Tentacles         ||     1
Dodge: Dodged            ||     2

Table legend: (Time is in decaauts)
 A = Elapsed time spent in this place.
 B = Non-inter-level travel time spent in this place.
 C = Inter-level travel time spent in this place.
 D = Time resting spent in this place.
 E = Time spent auto-exploring this place.
 F = Levels seen in this place.
 G = Mean time per level.
                   A        B        C        D        E       F      G
               +--------+--------+--------+--------+--------+-----+--------+
         Total |    108 |    108 |      0 |      0 |      0 |   3 |   36.0 |
       Dungeon |    108 |    108 |      0 |      0 |      0 |   3 |   36.0 |
               +--------+--------+--------+--------+--------+-----+--------+

Top non-repeatable levels by time:
     D:7: 61 daAuts
     D:6: 37 daAuts
     D:5: 9 daAuts
